 Dungeon Crawl Stone Soup version 0.30.1-9-gdf580d7c3d (webtiles) character file.

Game seed: 9796547356913201198

307 fireball365 the Chopper (level 6, 0/52 HPs)
             Began as a Hill Orc Fighter on Oct 8, 2023.
             Slain by a kobold brigand
             ... wielding a +3 short sword of freezing
              (1 damage)
             ... in a sewer.
             The game lasted 00:05:50 (2824 turns).

fireball365 the Chopper (Hill Orc Fighter)          Turns: 2824, Time: 00:05:50

Health: 0/52       AC: 11    Str: 21    XL:     6   Next: 40%
Magic:  6/6        EV:  8    Int:  8    God:
Gold:   204        SH:  4    Dex: 10    Spells: 5/5 levels left

rFire   + . .        a - +0 war axe
rCold   x . .        c - +0 buckler
rNeg    . . .        o - +0 chain mail
rPois   .            u - +0 helmet
rElec   .            m - +0 cloak
rCorr   .            (no gloves)
SInv    .            (no boots)
Will    .....        (no amulet) Stlth
                     h - ring of fire
HPRegen 0.28/turn    (no ring)
MPRegen 0.10/turn

%: no passive effects
@: no status effects
A: no striking features
a: no special abilities


You were in a sewer.
You visited 1 branch of the dungeon, and saw 4 of its levels.
You also visited: Sewer.

You collected 204 gold pieces.

Inventory:

Hand Weapons
 a - a +0 war axe (weapon)
 q - the +3 mace "Pynk" {vamp, +Blink rElec rPois rC-}
   (You found it on level 2 of the Dungeon)

   rC:        It makes you vulnerable to cold.
   rElec:     It insulates you from electricity.
   rPois:     It protects you from poison.
   +Blink:    It lets you blink.
Missiles
 b - a throwing net
 e - 6 poisoned darts (quivered)
 v - 3 curare-tipped darts
Armour
 c - a +0 buckler (worn)
 m - a +0 cloak (worn)
 o - a +0 chain mail (worn)
 u - a +0 helmet (worn)
Jewellery
 h - a ring of fire (left hand)
Wands
 x - a wand of mindburst (15)
Scrolls
 f - a scroll of fog
 i - a scroll of silence
 j - a scroll of noise
 k - a scroll of enchant armour
 n - a scroll of butterflies {unknown}
 r - a scroll of fear
 s - 2 scrolls of teleportation
 w - a scroll of identify
Potions
 d - 2 potions of might
 g - a potion of curing {unknown}
 l - a potion of berserk rage
 p - 2 potions of magic {unknown}
 t - 2 potions of flight
 z - a potion of brilliance {unknown}


   Skills:
 - Level 4.1 Fighting
 * Level 6.4 Axes
 + Level 4.2 Armour
 + Level 1.5 Dodging
 + Level 0.1 Stealth
 + Level 4.1 Shields


You had 5 spell levels left.
You didn't know any spells.
Your spell library contained the following spells:

 Spells                   Type           Power      Damage    Failure   Level
 Apportation              Tloc           0%         N/A       98%         1
 Necrotise                Necr           0%         1d4       98%         1
 Summon Small Mammal      Summ           0%         N/A       98%         1
 Alistair's Intoxication  Tmut/Pois      0%         N/A       100%        5


Dungeon Overview and Level Annotations

Branches:
Dungeon (4/15)             Temple (0/1) D:4           Sewer (1/1)

Altars:
Xom


Message History

You hit the kobold brigand but do no damage.
The kobold brigand is severely wounded.
You block the kobold brigand's attack.
You hit the kobold brigand but do no damage.
The kobold brigand is severely wounded.
The kobold brigand hits you with a +3 short sword of freezing.
The kobold brigand freezes you.
* * * LOW HITPOINT WARNING * * *
The kobold brigand hits you but does no damage.
You hit the kobold brigand but do no damage.
The kobold brigand is severely wounded.
The kobold brigand hits you with a +3 short sword of freezing.
* * * LOW HITPOINT WARNING * * *
The kobold brigand freezes you.
* * * LOW HITPOINT WARNING * * *
You closely miss the kobold brigand.
The kobold brigand is severely wounded.
The kobold brigand barely misses you.
You closely miss the kobold brigand.
The kobold brigand is severely wounded.
The kobold brigand hits you with a +3 short sword of freezing.
* * * LOW HITPOINT WARNING * * *
The kobold brigand freezes you.
* * * LOW HITPOINT WARNING * * *
You hit the kobold brigand but do no damage.
The kobold brigand is severely wounded.
The kobold brigand hits you but does no damage.
You block the kobold brigand's attack.
You hit the kobold brigand but do no damage.
The kobold brigand is severely wounded.
The kobold brigand hits you with a +3 short sword of freezing.
* * * LOW HITPOINT WARNING * * *
The kobold brigand freezes you.
* * * LOW HITPOINT WARNING * * *
You hit the kobold brigand but do no damage.
The kobold brigand is severely wounded.
The kobold brigand hits you with a +3 short sword of freezing.
* * * LOW HITPOINT WARNING * * *
The kobold brigand freezes you.
You die...

# ##### #.# ##..~##
##..~#####...~.#####
#...!K@...~..~.~~~~~
##.!.#####.~~.~#####
##~ ##.~.## # ##~##
#~# #~# ##### ##~##
##~~.## ##...##
#....~####.....#####.


You could see a kobold brigand.

Vanquished Creatures
  A howler monkey (D:4)
  An orc priest (D:3)
  An iguana (D:4)
  8 adders
  A gnoll (D:1)
  3 river rats
  3 worms
  3 dart slugs
  5 orcs (D:3)
  2 endoplasms
  8 giant cockroaches
  7 goblins
  3 hobgoblins
  2 quokkas
  8 ball pythons
  8 bats
  5 frilled lizards
  11 kobolds
  8 rats
88 creatures vanquished.

Notes
Turn   | Place    | Note
-------+----------+-------------------------------------------
     0 | D:1      | fireball365 the Hill Orc Fighter began the quest for the
                  | Orb.
     0 | D:1      | Reached XP level 1. HP: 19/19 MP: 1/1
   163 | D:1      | Reached skill level 1 in Dodging
   163 | D:1      | Reached XP level 2. HP: 27/27 MP: 2/2
   226 | D:1      | Reached skill level 3 in Axes
   586 | D:1      | Reached XP level 3. HP: 33/33 MP: 3/3
   838 | D:2      | Identified the +3 mace "Pynk" {vamp, +Blink rElec rPois
                  | rC-}
  1008 | D:2      | Reached XP level 4. HP: 36/40 MP: 4/4
  1286 | D:2      | Reached skill level 4 in Axes
  1482 | D:2      | Found a shimmering altar of Xom.
  1743 | D:3      | Reached XP level 5. HP: 39/46 MP: 5/5
  1879 | D:3      | Reached skill level 5 in Axes
  2454 | D:4      | Reached XP level 6. HP: 52/52 MP: 6/6
  2461 | D:4      | Reached skill level 6 in Axes
  2642 | D:4      | Found a glowing drain.
  2654 | Sewer    | Entered a sewer
  2824 | Sewer    | HP: 1/52 [kobold brigand/+3 short sword of freezing (2)]
  2824 | Sewer    | Slain by a kobold brigand

Illustrated notes

Levels and vault maps discovered:
D:1:      saegor_arrival_simple_d, layout_loops_ring, minmay_pentomino_r2
D:2:      layout_loops_corners, basic_altar, minivault_25
D:3:      layout_rooms, minmay_misc_feat_pillars
D:4:      layout_basic, temple_green, gup_sewer_entry_bubbles,
          nicolae_shop_i_like_big_books
Sewer:    sewer_co_15_rooms

Skill      XL: |  1  2  3  4  5  6 |
---------------+-------------------+-----
Dodging        | 1 |  1.5
Axes           | 3 4 5 6 |  6.4
Fighting       | 4 |  4.1
Armour         | 4 |  4.2
Shields        | 4 |  4.1
Stealth        | |  0.1

Action                     |  1- 3 |  4- 6 || total
---------------------------+-------+-------++-------
  Melee: War axe           |    74 |   346 ||   420
    Use: Scroll            |     3 |     8 ||    11
 Armour: Scale mail        |    15 |       ||    15
         Chain mail        |    37 |   190 ||   227
  Dodge: Dodged            |    46 |   125 ||   171
  Block: Buckler           |    18 |    77 ||    95
